 Dungeon Crawl Stone Soup version 0.31.0-4-g52a2dc7128 (webtiles) character file.

Game seed: 17542875015649595464

24 bobarctor the Grave Robber (level 2, -1/19 HPs)
             Began as a Demonspawn Necromancer on Jan 22, 2024.
             Slain by a goblin
             ... wielding a +0 dagger
             ... led by Robin
              (3 damage)
             ... on level 2 of the Dungeon.
             The game lasted 00:07:31 (1396 turns).

bobarctor the Grave Robber (Demonspawn Necromancer) Turns: 1396, Time: 00:07:31

Health: -1/19      AC:  4    Str:  8    XL:     2   Next: 79%
Magic:  1/5        EV: 12    Int: 15    God:
Gold:   42         SH:  0    Dex: 13    Spells: 4/5 levels left

rFire   . . .        f - +0 club
rCold   . . .        (no shield)
rNeg    . . .        a - +0 robe
rPois   .            (no helmet)
rElec   .            (no cloak)
rCorr   .            d - +1 pair of gloves
SInv    .            (no boots)
Will    .....        (no amulet)
Stlth   ++           (no ring)
HPRegen 0.23/turn    (no ring)
MPRegen 0.18/turn

%: no passive effects
@: no status effects
A: magic regeneration
a: no special abilities


You were on level 2 of the Dungeon.
You visited 1 branch of the dungeon, and saw 2 of its levels.

You collected 42 gold pieces.

Inventory:

Hand Weapons
 f - a +0 club (weapon)
 k - a +0 dagger
Missiles
 g - 16 stones
Armour
 a - a +0 robe (worn)
 d - a +1 pair of gloves (worn)
Scrolls
 c - a scroll of revelation {unknown}
 e - a scroll of amnesia {unknown}
 i - a scroll of fear {unknown}
 j - a scroll of silence {unknown}
Potions
 b - a potion of magic
 h - a potion of curing {unknown}


   Skills:
 + Level 1.7 Dodging
 + Level 1.9 Stealth
 * Level 2.4 Spellcasting
 + Level 5.0 Necromancy


You had 4 spell levels left.
You knew the following spells:

 Your Spells              Type           Power      Damage    Failure   Level
a - Necrotise             Necr           64%        1d7       2%          1

Your spell library contained the following spells:

 Spells                   Type           Power      Damage    Failure   Level
 Vampiric Draining        Necr           16%        2d7       9%          3
 Animate Dead             Necr           16%        N/A       26%         4
 Curse of Agony           Necr           16%        N/A       58%         5


Dungeon Overview and Level Annotations

Branches:
Dungeon (2/15)

Altars:

Shops:
D:1 ::   D:2 [

Annotations:
D:2 Robin


Innate Abilities, Weirdness & Mutations

You regenerate magic rapidly.


Message History

You hear a shout! x3
Robin throws the goblin at you! The goblin attacks as it pursues you!
The goblin hits you but does no damage. The goblin hits you with a +0 dagger.
The goblin closely misses you.
Robin says, "Duck!"
Robin roars a battlecry!
The hobgoblin barely misses your goblin skeleton.
The goblin closely misses you. The goblin attacks as it pursues you!
The goblin hits you but does no damage.
Your goblin skeleton crumbles into dust!
Robin throws the goblin at you! The goblin hits you but does no damage.
The hobgoblin completely misses your goblin skeleton.
The goblin attacks as it pursues you! The goblin hits you but does no damage.
The goblin barely misses you.
The hobgoblin closely misses your goblin skeleton.
The goblin attacks as it pursues you! The goblin hits you with a +0 dagger.
The goblin attacks as it pursues you! The goblin hits you with a +0 dagger.
* * * LOW HITPOINT WARNING * * *
Casting: Necrotise (safe; 2% risk of failure)
Confirm with . or Enter, or press ? or * to list all spells.
Aiming: Necrotise (safe; 2% risk of failure)
Press: ? - help, Shift-Dir - straight line, f/p - goblin
Aim: a goblin, wielding a +0 club (heavily wounded, strong, ally target, chance to affect: 86%)
The goblin writhes in agony.
You kill the goblin!
The dead are walking!
Robin throws the goblin at you!
The goblin hits you but does no damage. x2
Casting: Necrotise (safe; 2% risk of failure)
Confirm with . or Enter, or press ? or * to list all spells.
Aiming: Necrotise (safe; 2% risk of failure)
Press: ? - help, Shift-Dir - straight line, f - goblin, p - goblin
Aim: a goblin, wielding a +0 club (strong, chance to affect: 86%)
The goblin writhes in agony.
You kill the goblin!
The dead are walking!
Robin throws the goblin at you!
* * * LOW HITPOINT WARNING * * *
The goblin closely misses you.
The goblin barely misses your goblin skeleton.
The goblin hits you with a +0 dagger.
You die...

.........#..............#####.#
.......#.#....................#
.......#................#####.#
.......#................#####.#
.......#....#####.............###
.....>.#.########.......##.......
.......#...............#.......).
.......#........)g.....#......)..
.......#........@Zg.Z..gg..g..###
.......#........gZ.....#......#
...#...................#......#
...............###.....#......#
...............# #######......#
.....#.........#####.....######
.....#.............#.....#
...................#.....######
.#.................#..........#


You could see Robin, 3 goblins and 3 friendly goblin skeletons.

Vanquished Creatures
  2 dart slugs
  5 bats (D:1)
  5 goblins
  A hobgoblin (D:2)
  2 jackals (D:1)
  A frilled lizard (D:1)
  2 kobolds
  4 rats
22 creatures vanquished.

Vanquished Creatures (collateral kills)
  A frilled lizard (D:1)
1 creature vanquished.

Grand Total: 23 creatures vanquished

Notes
Turn   | Place    | Note
-------+----------+-------------------------------------------
     0 | D:1      | bobarctor the Demonspawn Necromancer began the quest for
                  | the Orb.
     0 | D:1      | Reached XP level 1. HP: 13/13 MP: 3/3
    90 | D:1      | Found Rafyj's Vocational Training.
   353 | D:1      | Gained mutation: You regenerate magic rapidly. [demonic
                  | ancestry]
   353 | D:1      | Reached XP level 2. HP: 19/19 MP: 0/5
   542 | D:1      | Found Beg Tut's Book Boutique.
   553 | D:1      | You fall into a shaft and drop 1 floor!
   555 | D:2      | Found Cutrawak's Armour Emporium.
   583 | D:2      | Found a faded altar of an unknown god.
  1069 | D:2      | Reached skill level 5 in Necromancy
  1380 | D:2      | Noticed Robin
  1396 | D:2      | Slain by a goblin

Illustrated notes

Levels and vault maps discovered:
D:1:      minmay_arrival_cross, layout_loops_ring, serial_shops,
          nicolae_shop_crystal, nicolae_shop_vocational
D:2:      layout_basic, chequers_ecumenical_altar_simple, serial_shops,
          nicolae_shop_temple_entry_statues_fountains, uniq_robin, uniq_sigmund

Skill      XL: |  1  2 |
---------------+-------+-----
Necromancy     | 5 |  5.0
Dodging        | |  1.7
Stealth        | |  1.9
Spellcasting   | |  2.4

Action                     || total
---------------------------++-------
  Melee: Unarmed           ||    12
   Cast: Necrotise         ||    33
   Stab: Distracted        ||     1
 Armour: Robe              ||    27
  Dodge: Dodged            ||    14
